 Dungeon Crawl Stone Soup version 0.30.0-29-ga12c61a403 (webtiles) character file.

Game seed: 4882666260798308601

45 monsoonserge the Twirler (level 4, -5/35 HPs)
             Began as a Meteoran Wanderer on June 23, 2023.
             Slain by a gnoll
             ... wielding a +0 halberd
              (12 damage)
             ... on level 2 of the Dungeon.
             The game lasted 00:05:14 (727 turns).

monsoonserge the Twirler (Meteoran Wanderer)         Turns: 727, Time: 00:05:14

Health: -5/35      AC:  4    Str: 16    XL:     4   Next: 12%
Magic:  7/9        EV: 11    Int: 13    God:
Gold:   82         SH:  0    Dex: 13    Spells: 6/8 levels left

rFire   . . .        a - +2 quarterstaff
rCold   . . .        (shield currently unavailable)
rNeg    + . .        d - +0 leather armour
rPois   .            (no helmet)
rElec   .            (no cloak)
rCorr   .            b - +0 pair of gloves
SInv    .            (no boots)
Will    .....        (no amulet)
Stlth   +            j - ring of positive energy
HPRegen 0.25/turn    (no ring)
MPRegen 0.11/turn

%: no passive effects
@: glowing
A: sense surroundings 1, otherworldly, glowing, explore regen
a: no special abilities


You were on level 2 of the Dungeon.
You visited 1 branch of the dungeon, and saw 2 of its levels.

You collected 82 gold pieces.

Inventory:

Hand Weapons
 a - a +2 quarterstaff (weapon)
Armour
 b - a +0 pair of gloves (worn)
 d - a +0 leather armour (worn)
 l - a +0 ring mail
Jewellery
 j - a ring of positive energy (left hand)
Scrolls
 e - 3 scrolls of identify {unknown}
 g - a scroll of magic mapping {unknown}
 h - a scroll of enchant armour {unknown}
 i - a scroll of poison {unknown}
Potions
 c - a potion of berserk rage
 f - a potion of heal wounds {unknown}
 k - 2 potions of curing {unknown}


   Skills:
 + Level 1.3 Fighting
 + Level 4.9 Staves
 + Level 1.6 Armour
 + Level 1.3 Dodging
 - Level 1.0 Stealth
 - Level 2.6 Spellcasting
 * Level 0.9 Conjurations
 * Level 1.7 Air Magic


You had 6 spell levels left.
You knew the following spells:

 Your Spells              Type           Power      Damage    Failure   Level
a - Static Discharge      Conj/Air       10%        2-3/arc   26%         2

Your spell library contained the following spells:

 Spells                   Type           Power      Damage    Failure   Level
 Cigotuvi's Dreadful Rot  Necr/Pois/Air  6%         N/A       34%         2
 Sublimation of Blood     Necr           1%         N/A       41%         2
 Petrify                  Tmut/Erth      1%         N/A       96%         4
 Irradiate                Conj/Tmut      1%         3d12      100%        5


Dungeon Overview and Level Annotations

Branches:
Dungeon (2/15) Zot: 466

Altars:


Innate Abilities, Weirdness & Mutations

You passively map a small area around you.
You are easily found by Zot.
You glow in the dark.
You regain HP and MP as you explore.


Message History

You miss the goblin.
The goblin is severely wounded.
The goblin shouts!
The goblin hits you but does no damage.
You sock the goblin!
You kill the goblin!
The ball python bites you but does no damage.
The ball python grabs you. The ball python constricts you.
You closely miss the ball python.
The gnoll hits you from afar with a +0 halberd!
The ball python barely misses you. The ball python constricts you.
You hit the ball python.
The ball python is moderately wounded.
The gnoll hits you from afar with a +0 halberd.
The ball python bites you but does no damage.
The ball python constricts you.
You barely miss the ball python.
The ball python is moderately wounded.
The ball python bites you but does no damage.
The ball python constricts you.
The gnoll hits you from afar with a +0 halberd.
The ball python misses you. The ball python constricts you.
The gnoll closely misses you.
You hit the ball python.
You kill the ball python!
The gnoll hits you from afar with a +0 halberd.
You closely miss the gnoll.
The gnoll hits you from afar with a +0 halberd!
* * * LOW HITPOINT WARNING * * *
The gnoll barely misses you.
Unknown command.
Casting: Static Discharge (dangerous; 26% risk of failure)
Confirm with . or Enter, or press ? or * to list all spells.
The gnoll is struck by an arc of lightning.
The gnoll is moderately wounded.
The gnoll is struck by an arc of lightning.
The gnoll is moderately wounded.
The lightning grounds out.
The gnoll hits you from afar with a +0 halberd!
You die...

#.......# * * ,
........#
#.####.. *
#.....#.
...>..##* ##...##
##........ ,
##.## #.........
, #..###.##..
.gg. #...#.#*#..
gg#* , ####.# #.#
*#g# #.# #.# #@#
* #.#
#.####.###.#
#.####.........>#
#...........#####
#############


You could see 4 gnolls and a goblin.

Vanquished Creatures
  An adder (D:2)
  A worm (D:1)
  3 ball pythons
  2 endoplasms (D:2)
  3 giant cockroaches
  5 hobgoblins
  A quokka (D:1)
  A frilled lizard (D:2)
  5 goblins
  2 kobolds (D:2)
  5 rats
29 creatures vanquished.

Notes
Turn   | Place    | Note
-------+----------+-------------------------------------------
     0 | D:1      | monsoonserge the Meteoran Wanderer began the quest for the
                  | Orb.
     0 | D:1      | monsoonserge set off with the following items: a +2
                  | quarterstaff, a +0 pair of gloves, a potion of berserk
                  | rage, a +0 leather armour; and the following spells
                  | available to memorise: Static Discharge, Cigotuvi's
                  | Dreadful Rot.
     0 | D:1      | Reached XP level 1. HP: 16/16 MP: 5/5
    68 | D:1      | Reached skill level 4 in Staves
    77 | D:1      | Reached XP level 2. HP: 18/23 MP: 6/6
   434 | D:1      | Reached XP level 3. HP: 24/28 MP: 8/8
   438 | D:1      | Learned a level 2 spell: Static Discharge
   497 | D:1      | Glimpsed the power of Zot.
   677 | D:2      | Reached XP level 4. HP: 30/35 MP: 9/9
   727 | D:2      | Slain by a gnoll

Illustrated notes

Levels and vault maps discovered:
D:1:      dpeg_arrival_brainrot, layout_basic
D:2:      layout_loops_ring, kennysheep_generic_room_7

Skill      XL: |  1 |
---------------+----+-----
Staves         | 4 |  4.9
Fighting       | |  1.3
Armour         | |  1.6
Dodging        | |  1.3
Stealth        | |  1.0
Spellcasting   | |  2.6
Conjurations   | |  0.9
Air Magic      | |  1.7

Action                     |  1- 3 |  4- 6 || total
---------------------------+-------+-------++-------
  Melee: Quarterstaff      |    70 |    10 ||    80
   Cast: Static Discharge  |       |     1 ||     1
 Armour: Leather armour    |    26 |     4 ||    30
  Dodge: Dodged            |    28 |     5 ||    33
